 Dungeon Crawl Stone Soup version 0.28-a0-10-g964c8b829e (webtiles) character file.

Game seed: 8952939021247226532

129 flotson the Sneak (level 4, -3/37 HPs)
             Began as a Demonspawn Delver on July 26, 2021.
             Killed by divine providence
             ... invoked by an orc priest
              (15 damage)
             ... on level 3 of the Dungeon.
             The game lasted 00:06:24 (2727 turns).

flotson the Sneak (Demonspawn Delver)               Turns: 2727, Time: 00:06:26

Health: -3/37      AC: 10    Str: 13    XL:     4   Next: 88%
Magic:  4/4        EV:  6    Int: 11    God:
Gold:   54         SH:  0    Dex: 15    Spells: 3/3 levels left

rFire   . . .      SeeInvis .   b - +0 hunting sling
rCold   . . .      Faith    .   (no shield)
rNeg    + . .      Spirit   .   o - +1 chain mail {rN+}
rPois   .          Reflect  .   (helmet restricted)
rElec   .          Harm     .   (no cloak)
rCorr   .          Rampage  .   (no gloves)
Will    .....                   f - +0 pair of boots
Stlth   ..........              (no amulet)
HPRegen 0.12/turn               (no ring)
MPRegen 0.09/turn               (no ring)

@: no status effects
A: antennae 2
a: no special abilities


You were on level 3 of the Dungeon.
You visited 1 branch of the dungeon, and saw 5 of its levels.

You collected 54 gold pieces.

Inventory:

Hand Weapons
 a - a +0 hand axe
 b - a +0 hunting sling (weapon)
Missiles
 l - 12 stones (quivered ammo)
 n - 13 poisoned darts
Armour
 f - a +0 pair of boots (worn)
 o - a +1 chain mail of positive energy (worn)
Wands
 g - a wand of digging (2)
 h - a wand of charming (11)
Scrolls
 c - a scroll of fog
 d - a scroll of enchant weapon {unknown}
 i - 2 scrolls of identify {unknown}
 j - a scroll of summoning {unknown}
Potions
 e - a potion of curing {unknown}
 k - 4 potions of lignification {unknown}
 m - a potion of berserk rage {unknown}


   Skills:
 + Level 3.7 Fighting
 + Level 2.7 Axes
 + Level 0.2 Throwing
 + Level 1.7 Armour
 + Level 2.6 Dodging
 - Level 4.5 Stealth
 + Level 0.3 Evocations


You had 3 spell levels left.
You didn't know any spells.
Your spell library was empty.

Dungeon Overview and Level Annotations

Branches:
Dungeon (5/15)             Temple (0/1) D:5

Altars:

Shops:
D:3 *

Annotations:
D:3 1 transporter


Innate Abilities, Weirdness & Mutations

You have a pair of antennae on your head.


Message History

Press: ? - help, Dir - move target, f/p - orc priest
Aim: an orc priest, wielding a +1 short sword of holy wrath (moderately wounded, ally target) Attack!
Your shadow imp closely misses the orc priest.
Fire: 16 stones
Press: ? - help, Q - select action, (/) - cycle Shift-Dir - straight line, f/p - orc priest
Aim: an orc priest, wielding a +1 short sword of holy wrath (moderately wounded, ally target, 57% to hit)
You shoot a stone.
The stone closely misses the orc priest.
Your shadow imp hits the orc priest.
The orc priest mumbles some strange prayers to Beogh against you.
Beogh smites you!
Fire: 15 stones
Press: ? - help, Q - select action, (/) - cycle Shift-Dir - straight line, f/p - orc priest
Aim: an orc priest, wielding a +1 short sword of holy wrath (moderately wounded, ally target, 59% to hit)
You shoot a stone. The stone hits the orc priest.
The orc priest is heavily wounded.
Your shadow imp hits the orc priest.
Fire: 14 stones
Press: ? - help, Q - select action, (/) - cycle Shift-Dir - straight line, f/p - orc priest
Aim: an orc priest, wielding a +1 short sword of holy wrath (heavily wounded, ally target, 57% to hit)
You shoot a stone.
The stone closely misses the orc priest.
Your shadow imp barely misses the orc priest.
The orc priest calls down the wrath of Beogh upon you.
Pain shoots through your body!
Your shadow imp hits the orc priest.
The shadow imp gestures at you. Pain shoots through your body!
Fire: 13 stones
Press: ? - help, Q - select action, (/) - cycle Shift-Dir - straight line, f/p - orc priest
Aim: an orc priest, wielding a +1 short sword of holy wrath (almost dead, ally target, 59% to hit)
You shoot a stone.
The stone closely misses the orc priest.
The orc priest mumbles some strange prayers to Beogh against you.
Pain shoots through your body!
The shadow imp shouts, "Bolt, thou quaking swag-bellied varlet!"
Your shadow imp completely misses the orc priest.
The orc priest mumbles some strange prayers to Beogh against you.
Beogh smites you!
You die...

###....# ..#≈..!..≈#.#..# ##.#
##.##.###..####+####.##.# #...
##...∩...#..#.≈...≈.#.##.### #...
...#....†...#.≈...≈.#..#...# #...
#####....#..#.≈≈≈≈≈.#..###.####.#
##......#.≈≈⌠≈≈.#..# #...##.#
........#.≈≈P≈≈.#..#####.##.#
..........#5≈...≈5#.....##....#
...........#5≈.@.≈o#.###..[....#
#..........####'####[# ###.#.#.#
...........#P(....P#†####..#....
..#.#8P.©.P8#).....######
#.#########..#####
#.....©......######
#####.............#
#.............. ...#.............


You could see an orc priest (ally target), 2 shadow imps and a friendly shadow
imp (charmed).

Vanquished Creatures
  An orc priest (D:3)
  A scorpion zombie (D:3)
  3 adders
  A worm (D:2)
  2 dart slugs
  4 orcs (D:3)
  4 endoplasms
  2 giant cockroaches
  6 goblins
  5 hobgoblins
  2 jackals (D:1)
  7 ball pythons
  A bat (D:1)
  A frilled lizard (D:1)
  7 kobolds
  5 rats
52 creatures vanquished.

Vanquished Creatures (others)
  4 plants (D:2)
4 creatures vanquished.

Grand Total: 56 creatures vanquished

Notes
Turn   | Place    | Note
-------+----------+-------------------------------------------
     0 | D:5      | flotson the Demonspawn Delver began the quest for the Orb.
     0 | D:5      | Reached XP level 1. HP: 18/18 MP: 1/1
    68 | D:5      | Noticed a phantom
   115 | D:5      | Noticed an iguana
   214 | D:3      | Found Meduaceg's General Store.
   542 | D:2      | Gained mutation: You have a pair of small antennae on your
                  | head. [demonic ancestry]
   542 | D:2      | Reached XP level 2. HP: 22/24 MP: 2/2
  1199 | D:1      | Reached skill level 1 in Armour
  1453 | D:1      | Reached XP level 3. HP: 21/29 MP: 3/3
  2276 | D:3      | Gained mutation: You have a pair of antennae on your head.
                  | [demonic ancestry]
  2276 | D:3      | Reached XP level 4. HP: 26/36 MP: 4/4
  2363 | D:3      | Found a transporter.
  2512 | D:3      | Found a transporter.
  2727 | D:3      | Killed from afar by an orc priest

Illustrated notes

Levels and vault maps discovered:
D:1:      minmay_arrival_solitary_statue, layout_basic
D:2:      layout_rooms, serial_forest, infiniplex_forest_clump_small,
          infiniplex_forest_clump_medium, infiniplex_forest_pool,
          infiniplex_forest_corner_1, infiniplex_forest_clump_small,
          infiniplex_forest_lined_3_way
D:3:      gammafunk_wand_slinger, layout_rooms, serial_shops, shop,
          uniq_crazy_yiuf_cottage
D:4:      layout_loops_ring
D:5:      minmay_general_purpose_star, layout_loops_corners,
          mainiacjoe_overflow_surrounded_room, lemuel_temple_firewalk_b,
          hex_tiny, uniq_ijyb

Skill      XL: |  1  2 |
---------------+-------+-----
Axes           | 2 |  2.7
Dodging        | 2 |  2.6
Armour         | 1 |  1.7
Fighting       | |  3.7
Throwing       | |  0.2
Stealth        | |  4.5
Evocations     | |  0.3

Action                   |  1- 3 |  4- 6 || total
-------------------------+-------+-------++-------
Melee: Hand axe          |   148 |    27 ||   175
 Fire: Hunting sling     |       |    35 ||    35
Evoke: Wand              |     1 |     1 ||     2
  Use: Scroll            |     2 |       ||     2
       Potion            |     1 |       ||     1
 Stab: Sleeping          |     8 |     1 ||     9
Armor: Ring mail         |    67 |    11 ||    78
Dodge: Dodged            |   117 |    19 ||   136

Table legend: (Time is in decaauts)
 A = Elapsed time spent in this place.
 B = Non-inter-level travel time spent in this place.
 C = Inter-level travel time spent in this place.
 D = Time resting spent in this place.
 E = Time spent auto-exploring this place.
 F = Levels seen in this place.
 G = Mean time per level.
                   A        B        C        D        E       F      G
               +--------+--------+--------+--------+--------+-----+--------+
         Total |   2753 |   2666 |     87 |    147 |   1845 |   5 |  550.6 |
       Dungeon |   2753 |   2666 |     87 |    147 |   1845 |   5 |  550.6 |
               +--------+--------+--------+--------+--------+-----+--------+

Top non-repeatable levels by time:
     D:2: 1046 daAuts
     D:1: 1020 daAuts
     D:3: 488 daAuts
     D:5: 123 daAuts
     D:4: 74 daAuts
